 Dungeon Crawl Stone Soup version 0.20-a0-959-gdc9e609 (webtiles) character file.

5816 krabocopter the Fighter (level 10, -8/100 HPs)
             Began as a Demonspawn Gladiator on Apr 6, 2017.
             Was a Believer of Ashenzari.
             Mangled by a vampire (12 damage)
             ... on level 9 of the Dungeon.
             The game lasted 00:34:44 (10056 turns).

krabocopter the Fighter (Demonspawn Gladiator)     Turns: 10056, Time: 00:34:45

Health: -8/100     AC:  9    Str: 14    XL:     10   Next: 51%
Magic:  19/19      EV: 14    Int: 16    God:    Ashenzari [**....]
Gold:   212        SH:  5    Dex: 16    Spells: 9/9 levels left

rFire    + + .     SeeInvis +   N - +1 scimitar (flame)
rCold    . . .     Gourm    .   L - +0 buckler
rNeg     . . .     Faith    .   A - +3 ring mail {rF+} (curse)
rPois    .         Spirit   .   (helmet restricted)
rElec    .         Reflect  .   (no cloak)
rCorr    .         Harm     .   (no gloves)
MR       .....                  (no boots)
Stlth    +.........             x - amulet of regeneration (curse)
Regen    0.7/turn               p - ring of magical power (curse)
MPRegen  0.2/turn               M - ring of see invisible

@: very slow
A: claws 1, horns 2, talons 2, clever 2, fire resistance 1, robust 1
a: Curse Item, Scrying, Renounce Religion


You were on level 9 of the Dungeon.
You worshipped Ashenzari.
Ashenzari was pleased with you.
You were not hungry.

You visited 1 branch of the dungeon, and saw 9 of its levels.
You also visited: Ossuary.

You collected 412 gold pieces.
You spent 200 gold pieces at shops.

Inventory:

Hand Weapons
 m - a +0 short sword of draining
 o - a +3 short sword of venom
 K - a +3 trident
 N - a +1 scimitar of flaming (weapon)
Missiles
 d - 3 throwing nets (quivered)
Armour
 A - a cursed +3 ring mail of fire resistance (worn)
 L - a +0 buckler (worn)
Jewellery
 p - a cursed ring of magical power (left claw)
 x - a cursed amulet of regeneration (around neck)
 M - a ring of see invisible (right claw)
Wands
 b - a wand of flame (25/48)
 z - a wand of clouds (2/9)
 C - a wand of confusion (23/48)
 F - a wand of acid (6/15)
Scrolls
 c - 2 scrolls of enchant weapon
 e - a scroll of enchant armour
 g - a scroll of teleportation
 i - 3 scrolls of recharging
 j - a scroll of magic mapping {unknown}
 k - 3 scrolls of identify
 s - a scroll of fear
 t - a scroll of fog {unknown}
 u - a scroll of immolation {unknown}
 v - 3 scrolls of blinking
 y - 2 scrolls of amnesia
 I - a scroll of brand weapon {unknown}
 O - a scroll of noise {unknown}
Potions
 n - 2 potions of ambrosia
 w - 2 potions of brilliance
 B - 4 potions of curing
 E - 2 potions of flight
 G - 4 potions of haste
 J - a potion of cancellation
Books
 q - the Disquisition on the Ashen Entourage
   (You found it on level 7 of the Dungeon)

   Spells                             Type                      Level
   a - Sandblast                      Earth                        1
   b - Stone Arrow                    Conjuration/Earth            3
   c - Petrify                        Transmutation/Earth          4
   d - Aura of Abjuration             Summoning                    5
   e - Shadow Creatures               Summoning                    6
 D - a book of Changes

   Spells                             Type                      Level
   a - Beastly Appendage              Transmutation                1
   b - Sticks to Snakes               Transmutation                2
   c - Spider Form                    Transmutation/Poison         3
   d - Ice Form                       Ice/Transmutation            4
   e - Blade Hands                    Transmutation                5
Comestibles
 a - 3 chunks of flesh
 f - 5 bread rations
 h - 5 meat rations
 r - 3 royal jellies


   Skills:
 + Level 12.8 Fighting
 + Level 2.0 Long Blades
 - Level 2.7 Polearms
 - Level 1.7 Throwing
 - Level 4.7 Armour
 - Level 5.8 Dodging
 + Level 2.9 Shields


You had 9 spell levels left.
You didn't know any spells.

Dungeon Overview and Level Annotations

Branches:
Dungeon (9/15)             Temple (0/1) D:6
   Lair: D:8-11         Orc: D:9-12

Altars:
Ashenzari
Elyvilon
Fedhas
Gozag
Hepliaklqana
Nemelex Xobeh
Sif Muna
Trog
Yredelemnul
The Shining One

Shops:
D:5 }

Annotations:
D:7 1 exclusion, krabocopter's ghost, novice HuGl


Innate Abilities, Weirdness & Mutations

You have sharp fingernails.
You have a pair of horns on your head.
You have razor-sharp toenails.
Your mind is very acute. (Int +4)
Your flesh is heat resistant. (rF+)
You are robust. (+10% HP)


Message History

The vampire barely misses you.
The vampire bites you but does no damage.
You closely miss the vampire. Your headbutt misses the vampire.
The vampire hits you. The vampire bites you!
* * * LOW HITPOINT WARNING * * *
The vampire draws strength from your injuries!
You take 14 damage, and have 28/100 hp.
Your unstable footing causes you to fumble your attack.
The vampire hits you!
* * * LOW HITPOINT WARNING * * *
The vampire closely misses you. The vampire hits you!
* * * LOW HITPOINT WARNING * * *
The vampire bites you!
* * * LOW HITPOINT WARNING * * *
The vampire draws strength from your injuries!
You take 25 damage, and have 3/100 hp.
MASSIVE DAMAGE!!
Okay, then.
As you read the scroll of fear, it crumbles to dust.
You assume a fearsome visage.
The vampire is unaffected.
The vampire hits you!
You die...

*.#..##* #..##.##)##....# , #
.....* #......#.##..<.#### ,
#. ....####.#####.####......
#..,#..............# #.....#
...#.......###....# #.....#
...........# #....# #.....# ,
,..####......###....###.#...#
,
,..........†.#........#.#...#
...#.##'###@#........#.#...#
, #, #.###V...<.....#.#...#
,,* *#..##.#........#.#...# ,
, , ##.##.#.....(..#.#...# *
#..#.#..............# , *
##.#...............)# ,
.####...#########..###(# ,
.............{{# ####.[..
..#####..#####{# ##...8.


You could see a vampire (invisible).

Vanquished Creatures
  Erica (D:8)
  A queen bee (D:9)
  A troll (D:9)
  Sigmund (D:3)
  An orc warrior (D:7)
  4 sky beasts
  A black bear (D:4)
  2 ice beasts
  4 necrophages (D:8)
  3 ogres
  2 phantoms
  2 centaurs
  2 bullfrogs
  Blork the orc (D:3)
  A wyvern skeleton (D:8)
  A water moccasin zombie (D:8)
  A water moccasin skeleton (D:8)
  2 scorpions
  14 killer bees (D:9)
  8 wights
  2 howler monkeys (D:9)
  4 crimson imps
  A bullfrog zombie (D:6)
  4 centaur zombies
  7 orc wizards
  2 orc priests
  3 hounds
  A jelly (D:7)
  A bullfrog skeleton (D:9)
  Ijyb (D:3)
  2 iguanas
  5 worker ants
  2 big kobold zombies (Ossuary)
  A hound zombie (D:8)
  A hound skeleton (D:5)
  6 mummies
  Robin (D:3)
  3 gnolls (D:4)
  20 adders
  2 oozes
  An adder zombie (D:5)
  2 adder skeletons
  A worm (D:4)
  4 dart slugs
  3 leopard geckos
  40 orcs
  A ball python (D:3)
  7 giant cockroaches
  2 gnoll zombies (D:5)
  11 hobgoblins
  11 jackals
  4 quokkas
  3 bats
  8 frilled lizards
  22 goblins
  5 hobgoblin zombies (Ossuary)
  11 kobolds
  A quokka skeleton (D:7)
  12 rats
271 creatures vanquished.

Notes
Turn   | Place    | Note
-------+----------+-------------------------------------------
     0 | D:1      | krabocopter the Demonspawn Gladiator began the quest for the Orb.
     0 | D:1      | Reached XP level 1. HP: 16/16 MP: 1/1
   285 | D:1      | Found a shattered altar of Ashenzari.
   337 | D:1      | Gained mutation: You have a pair of small horns on your head. [demonic ancestry]
   337 | D:1      | Reached XP level 2. HP: 22/22 MP: 2/2
   737 | D:1      | Became a worshipper of Ashenzari the Shackled
   817 | D:2      | Gained mutation: You have sharp toenails. [demonic ancestry]
   817 | D:2      | Reached XP level 3. HP: 19/28 MP: 3/3
   955 | D:2      | Reached skill level 3 in Fighting
  1273 | D:2      | Gained mutation: You have sharp fingernails. [demonic ancestry]
  1273 | D:2      | Reached XP level 4. HP: 29/35 MP: 4/4
  2070 | D:3      | Reached skill level 4 in Fighting
  2115 | D:3      | Reached XP level 5. HP: 42/42 MP: 5/5
  2556 | D:3      | Noticed Robin
  2664 | D:3      | Killed Robin
  2956 | D:3      | Noticed Blork the orc
  2959 | D:3      | Noticed Sigmund
  2982 | D:3      | Found a glowing golden altar of the Shining One.
  3043 | D:3      | Killed Sigmund
  3043 | D:3      | Reached skill level 5 in Fighting
  3043 | D:3      | Reached skill level 5 in Dodging
  3043 | D:3      | Reached XP level 6. HP: 44/51 MP: 6/6
  3236 | D:3      | Noticed Ijyb
  3269 | D:3      | Killed Ijyb
  3463 | D:4      | Reached XP level 7. HP: 44/57 MP: 7/7
  3635 | D:4      | Reached skill level 6 in Fighting
  3710 | D:4      | Reached skill level 1 in Armour
  4210 | D:4      | Found a hazy altar of Hepliaklqana.
  4296 | D:5      | Entered Level 5 of the Dungeon
  4317 | D:5      | Reached * piety under Ashenzari
  4396 | D:5      | Reached skill level 7 in Fighting
  4547 | D:5      | Reached XP level 8. HP: 64/67 MP: 8/8
  4801 | D:5      | Found a basalt altar of Yredelemnul.
  5048 | D:5      | Found Rustrosch's Gadget Emporium.
  5114 | D:5      | Bought a wand of acid (6/15) for 200 gold pieces
  5265 | D:6      | Found a sand-covered staircase.
  5269 | Ossuary  | Entered an ossuary
  5321 | Ossuary  | Reached skill level 8 in Fighting
  6111 | D:6      | Found a staircase to the Ecumenical Temple.
  6624 | D:7      | Reached skill level 9 in Fighting
  6695 | D:7      | Identified the Disquisition on the Ashen Entourage
  6719 | D:7      | Gained mutation: You have razor-sharp toenails. [demonic ancestry]
  6719 | D:7      | Reached XP level 9. HP: 76/76 MP: 9/9
  6920 | D:7      | Noticed krabocopter's ghost (novice HuGl)
  7012 | D:8      | Reached skill level 10 in Fighting
  7294 | D:8      | Noticed a two-headed ogre
  7298 | D:7      | Found a basalt altar of Yredelemnul.
  7313 | D:7      | Found a white marble altar of Elyvilon.
  7335 | D:7      | Reached ** piety under Ashenzari
  7377 | D:7      | Reached skill level 11 in Fighting
  8386 | D:3      | Killed Blork the orc
  8393 | D:3      | Found a deep blue altar of Sif Muna.
  8578 | D:8      | Gained mutation: You are robust. (+10% HP) [potion of mutation]
  8578 | D:8      | Gained mutation: Your mind is acute. (Int +2) [potion of mutation]
  8578 | D:8      | Gained mutation: Your mind is very acute. (Int +4) [potion of mutation]
  8578 | D:8      | Gained mutation: Your flesh is heat resistant. (rF+) [potion of mutation]
  8690 | D:9      | Found a blossoming altar of Fedhas.
  8772 | D:9      | Noticed a troll
  8965 | D:9      | Reached skill level 12 in Fighting
  9147 | D:9      | Gained mutation: You have a pair of horns on your head. [demonic ancestry]
  9147 | D:9      | Reached XP level 10. HP: 49/96 MP: 10/10
  9556 | D:8      | Noticed Erica
  9572 | D:8      | Killed Erica
  9572 | D:8      | Reached skill level 1 in Shields
  9671 | D:8      | Found a bloodstained altar of Trog.
  9678 | D:8      | Found a glowing golden altar of the Shining One.
  9845 | D:9      | Reached skill level 1 in Long Blades
  9933 | D:9      | Found an opulent altar of Gozag.
  9949 | D:9      | Found a sparkling altar of Nemelex Xobeh.
 10055 | D:9      | HP: 3/100 [vampire (10)]
 10056 | D:9      | Mangled by a vampire

Vault maps used:
D:1:      minmay_arrival_loop, nicolae_ashenzari_panopticon
D:3:      kennysheep_goblin_castle, tgw_sif, tso_altar, uniq_iyjb, uniq_sigmund
D:4:      black_bear_nest_1, kennysheep_mini_moat, first_bread
D:5:      lemuel_zombie_altar_yredelemnul, serial_shops, nicolae_shop_crystal
D:6:      minmay_temple_entry_hall, enter_ossuary_5
D:7:      elyvilon_altar_5, basic_altar
D:8:      minitemple, serial_undead, serial_undead_e, serial_undead_d,
          serial_undead_a, serial_undead_a, uniq_erica
D:9:      grunt_temple_overflow_opulence, lemuel_doored_altar,
          nicolae_overflow_crystal_walls, orc_david_3, david_nohive_1
Ossuary:  ossuary_the_hunt_dpeg

Skill      XL: |  1  2  3  4  5  6  7  8  9 10 |
---------------+-------------------------------+-----
Dodging        | 3 4 5 |  5.8
Fighting       | 3 4 5 7 9 12 | 12.8
Armour         | 2 4 |  4.7
Shields        | 2 |  2.9
Long Blades    | 2 |  2.0
Polearms       | |  2.7
Throwing       | |  1.7

Action                   |  1- 3 |  4- 6 |  7- 9 | 10-12 || total
-------------------------+-------+-------+-------+-------++-------
Melee: Trident           |    85 |   227 |    45 |    49 ||   406
       Headbutt          |     6 |    32 |   142 |    31 ||   211
       Kick              |     2 |    63 |   221 |    46 ||   332
       Short sword       |       |    38 |   587 |    30 ||   655
       Scimitar          |       |       |       |    67 ||    67
Invok: Curse Item        |       |     1 |     2 |       ||     3
Evoke: Wand              |       |     1 |       |       ||     1
  Use: Scroll            |     1 |       |     9 |     4 ||    14
       Potion            |       |     9 |     4 |     2 ||    15
 Stab: Sleeping          |     2 |       |       |       ||     2
  Eat: Chunk             |     1 |     8 |    14 |     3 ||    26
       Bread ration      |       |       |     1 |       ||     1
       Fruit             |       |       |     1 |       ||     1
Armor: Leather armour    |    14 |    35 |     1 |       ||    50
       Skin              |       |    12 |       |       ||    12
       Ring mail         |       |       |   173 |    52 ||   225
Dodge: Dodged            |    51 |   170 |   355 |   116 ||   692
Block: Buckler           |       |       |    20 |    45 ||    65
       Rpst.: Scimitar   |       |       |       |    25 ||    25
